 Dungeon Crawl Stone Soup version 0.21-a0-153-g78480df (webtiles) character file.

2010 Charly the Charmwright (level 9, 0/94 HPs)
             Began as a Gnoll Skald on Aug 1, 2017.
             Was an Initiate of Nemelex Xobeh.
             Slain by a killer bee (7 damage)
             ... on level 7 of the Dungeon.
             The game lasted 00:35:48 (3129 turns).

Charly the Charmwright (Gnoll Skald)                Turns: 3129, Time: 00:35:49

Health: 0/94       AC:  4    Str:  7    XL:     9   Next: 22%
Magic:  10/15      EV: 11    Int:  7    God:    Nemelex Xobeh [......]
Gold:   131        SH:  0    Dex:  7    Spells: 5/17 levels left

rFire    . . .     SeeInvis .   b - +2 dagger (venom)
rCold    . . .     Gourm    .   (no shield)
rNeg     . . .     Faith    .   e - -1 leather armour (curse)
rPois    .         Spirit   .   q - +1 helmet
rElec    +         Reflect  .   (no cloak)
rCorr    +         Harm     .   (no gloves)
MR       .....                  (no boots)
Stlth    ..........             (no amulet)
HPRegen  0.25/turn              v - ring of resist corrosion
MPRegen  0.14/turn              (no ring)

@: berserking (expiring), lethally poisoned (0 -> -2), very quick
A: unchanging attributes, fangs 1, talons 1, screaming 1, electricity
resistance, no potion heal 1, strong nose
a: Renounce Religion


You were on level 7 of the Dungeon.
You worshipped Nemelex Xobeh.
Nemelex Xobeh was noncommittal.
You were not hungry.

You visited 2 branches of the dungeon, and saw 8 of its levels.

You collected 285 gold pieces.
You spent 154 gold pieces at shops.

Inventory:

Hand Weapons
 b - a +2 dagger of venom (weapon)
Armour
 e - a cursed -1 leather armour (worn)
 l - a +1 robe of positive energy
 p - a +1 leather armour of poison resistance
 q - a +1 helmet (worn)
Jewellery
 v - a ring of resist corrosion (left hand)
Wands
 g - a wand of iceblast (4/15)
Scrolls
 h - 3 scrolls of enchant armour
 i - 2 scrolls of teleportation
 m - 2 scrolls of fear
 o - 2 scrolls of amnesia
 s - a scroll of fog
Potions
 c - a potion of curing
 f - a potion of flight
 n - a potion of brilliance
 t - 2 potions of haste
 u - a potion of cancellation
 x - a potion of agility
Comestibles
 d - 5 bread rations


   Skills:
 - Level 3.0 Fighting
 - Level 3.9 Short Blades
   Level 5.4 Polearms
 - Level 1.3 Armour
 - Level 2.6 Dodging
 - Level 4.5 Spellcasting
 - Level 3.9 Hexes
 - Level 6.9 Charms
 - Level 4.0 Necromancy
 - Level 5.3 Translocations
 + Level 6.1 Invocations
 + Level 6.3 Evocations


You had 5 spell levels left.
You knew the following spells:

 Your Spells              Type           Power        Failure   Level  Hunger
b - Blink                 Tloc           N/A          8%          2    ###....
g - Shroud of Golubria    Chrm/Tloc      ##........   5%          2    ###....
r - Regeneration          Chrm/Necr      #.........   13%         3    ###....
s - Song of Slaying       Chrm           ##......     3%          2    ###....
w - Spectral Weapon       Hex/Chrm       #.......     14%         3    ###....


Dungeon Overview and Level Annotations

Branches:
Dungeon (7/15)             Temple (1/1) D:6

Altars:
Dithmenos
Elyvilon
Fedhas
Gozag
Hepliaklqana
Kikubaaqudgha
Nemelex Xobeh
Sif Muna
Trog
Uskayaw
Zin
The Shining One

Shops:
D:5 }

Annotations:
D:3 Sigmund


Innate Abilities, Weirdness & Mutations

Your physical attributes are unchanging.
You have very sharp teeth.
Your uncanny sense of smell can sniff out nearby items.
You have sharp toenails.
You occasionally shout uncontrollably at your foes.
You are resistant to electric shocks. (rElec)
Potions are less effective at restoring your health.


Message History

You feel sick. The killer bee barely misses you.
You miss the killer bee.
The killer bee is almost dead.
You kill the killer bee!
You closely miss the killer bee. The killer bee misses you.
You barely miss the killer bee. The killer bee completely misses you.
You puncture the killer bee!
The killer bee is poisoned.
Your bite misses the killer bee.
The killer bee is heavily wounded.
You feel sick. The killer bee barely misses you.
You miss the killer bee.
The killer bee is heavily wounded.
The killer bee stings you!
* * * LOW HITPOINT WARNING * * *
You hit the killer bee.
The killer bee looks as sick as possible!
The killer bee is almost dead.
The killer bee stings you!
You die...
Your body disappears without a glow.

#...# ##..#.###
.....# ##.......#
......# ##..##.##.#
§.....####...#..#
.# ..§.y'...†....##
.#
._...####...#.###.#
......# ##..}.....#
.....# ####y#####
#./.# #@# ##+# #(#
#.# #.# #.# ..# ###


You could see a killer bee.

Vanquished Creatures
  A two-headed ogre (D:6)
  A hungry ghost (D:7)
  2 sky beasts
  2 ogres
  Blork the orc (D:4)
  4 killer bees (D:7)
  A bullfrog zombie (D:6)
  2 crimson imps (D:5)
  A quasit (D:6)
  2 hounds (D:6)
  3 orc priests
  An iguana (D:7)
  An orc wizard (D:6)
  4 worker ants
  A killer bee zombie (D:6)
  A howler monkey zombie (D:6)
  Robin (D:3)
  A worker ant zombie (D:6)
  3 adders
  A shadow imp (D:6)
  An ooze (D:3)
  An adder skeleton (D:4)
  A worm (D:3)
  2 dart slugs
  A leopard gecko (D:1)
  15 orcs
  6 giant cockroaches
  9 goblins
  6 hobgoblins
  16 jackals
  A quokka (D:5)
  4 frilled lizards
  6 kobolds
  A leopard gecko skeleton (D:6)
  6 rats
110 creatures vanquished.

Vanquished Creatures (others)
  2 spectral weapons (D:7)
2 creatures vanquished.

Grand Total: 112 creatures vanquished

Notes
Turn   | Place    | Note
-------+----------+-------------------------------------------
     0 | D:1      | Charly the Gnoll Skald began the quest for the Orb.
     0 | D:1      | Reached XP level 1. HP: 17/17 MP: 4/4
   137 | D:1      | Reached XP level 2. HP: 19/23 MP: 1/6
   192 | D:1      | Learned a level 2 spell: Song of Slaying
   195 | D:1      | Learned a level 2 spell: Shroud of Golubria
   229 | D:2      | Reached skill level 1 in Translocations
   385 | D:1      | Reached XP level 3. HP: 28/28 MP: 4/7
   390 | D:1      | Learned a level 3 spell: Spectral Weapon
   654 | D:2      | Reached skill level 1 in Hexes
   756 | D:3      | Noticed Sigmund
  1066 | D:3      | Noticed Robin
  1132 | D:3      | Reached XP level 4. HP: 19/34 MP: 4/8
  1295 | D:3      | Killed Robin
  1367 | D:4      | Reached skill level 5 in Charms
  1367 | D:4      | Reached XP level 5. HP: 24/39 MP: 0/10
  1383 | D:4      | Noticed Blork the orc
  1430 | D:4      | Killed Blork the orc
  1430 | D:4      | Reached skill level 5 in Polearms
  1437 | D:4      | Learned a level 3 spell: Regeneration
  1498 | D:4      | Reached XP level 6. HP: 12/47 MP: 2/11
  1689 | D:5      | Entered Level 5 of the Dungeon
  1709 | D:5      | Reached skill level 1 in Short Blades
  1740 | D:5      | Reached skill level 1 in Necromancy
  1924 | D:5      | Reached XP level 7. HP: 26/52 MP: 7/12
  1951 | D:5      | Found Vikael's Gadget Shop.
  1964 | D:5      | Bought a wand of iceblast (10/15) for 154 gold pieces
  2114 | D:5      | Gained mutation: You have sharp toenails. [mutagenic meat]
  2155 | D:6      | Learned a level 2 spell: Blink
  2305 | D:6      | Noticed a two-headed ogre
  2394 | D:6      | Gained mutation: You are partially covered in iridescent scales. (AC +2) [mutagenic meat]
  2395 | D:6      | Gained mutation: You occasionally shout uncontrollably at your foes. [mutagenic meat]
  2396 | D:6      | Gained mutation: Potions are less effective at restoring your health. [mutagenic meat]
  2397 | D:6      | Gained mutation: You are resistant to electric shocks. (rElec) [mutagenic meat]
  2398 | D:6      | Lost mutation: You are partially covered in iridescent scales. (AC +2) [mutagenic meat]
  2463 | D:6      | Found a staircase to the Ecumenical Temple.
  2494 | Temple   | Entered the Ecumenical Temple
  2527 | Temple   | Became a worshipper of Nemelex Xobeh the Trickster
  2618 | D:6      | Reached skill level 1 in Evocations
  2618 | D:6      | Reached XP level 8. HP: 57/58 MP: 1/14
  2677 | D:6      | Reached skill level 1 in Invocations
  2976 | D:6      | Killed a two-headed ogre
  2976 | D:6      | Reached skill level 5 in Translocations
  2976 | D:6      | Reached skill level 5 in Invocations
  2976 | D:6      | Reached skill level 5 in Evocations
  2976 | D:6      | Reached XP level 9. HP: 63/63 MP: 8/15
  3063 | D:7      | Found a shadowy altar of Dithmenos.
  3094 | D:7      | WOWOWOWOWOW
  3110 | D:7      | Received a gift from Nemelex Xobeh
  3129 | D:7      | Slain by a killer bee

Vault maps used:
D:1:      minmay_arrival_loop
D:3:      corexii_corridor_pit, st_stairs_1, minmay_rat_hole, uniq_robin,
          uniq_sigmund
D:4:      first_bread, uniq_blork_the_orc
D:5:      serial_shops, nicolae_shop_waterfront
D:6:      minmay_temple_entry_statues_fountains, grunt_ministairs_1
D:7:      grunt_dithmenos_smoke
Temple:   kilobyte_greek_temple

Skill      XL: |  1  2  3  4  5  6  7  8  9 |
---------------+----------------------------+-----
Polearms       | 3 4 5 |  5.4
Translocations | 1 5 |  5.3
Hexes          | 1 2 3 |  3.9
Charms         | 5 6 |  6.9
Fighting       | 3 |  3.0
Short Blades   | 2 3 |  3.9
Necromancy     | 2 4 |  4.0
Spellcasting   | 4 |  4.5
Evocations     | 1 5 6 |  6.3
Invocations    | 5 6 |  6.1
Armour         | |  1.3
Dodging        | |  2.6

Action                   |  1- 3 |  4- 6 |  7- 9 || total
-------------------------+-------+-------+-------++-------
Melee: Spear             |   123 |   101 |       ||   224
       Bite              |     3 |     7 |     7 ||    17
       Dagger            |       |    62 |   213 ||   275
       Kick              |       |       |    17 ||    17
 Cast: Infusion          |    15 |       |       ||    15
       Spectral Weapon   |     3 |    11 |    13 ||    27
       Shroud of Golubri |     1 |       |     2 ||     3
       Song of Slaying   |       |     2 |     2 ||     4
       Regeneration      |       |     3 |    20 ||    23
Evoke: Wand              |       |       |     6 ||     6
  Use: Scroll            |     1 |     5 |    13 ||    19
       Potion            |       |     2 |     4 ||     6
 Stab: Distracted        |       |     1 |       ||     1
  Eat: Chunk             |     1 |       |     7 ||     8
       Meat ration       |       |     2 |     3 ||     5
       Bread ration      |       |       |     1 ||     1
Armor: Leather armour    |    27 |    40 |    46 ||   113
       Skin              |       |       |    28 ||    28
Dodge: Dodged            |    56 |    73 |   112 ||   241
